 Dungeon Crawl Stone Soup version 0.24.0-124-g2791043dd8 (webtiles) character file.

Game seed: 446228759516620259, levelgen mode: deterministic

193 Descartes the Covered (level 6, 0/48 HPs)
             Began as a Formicid Abyssal Knight on Feb 16, 2020.
             Was a Believer of Lugonu.
             Succumbed to a worker ant's poison
             ... on level 4 of the Dungeon.
             The game lasted 00:06:10 (2806 turns).

Descartes the Covered (Formicid Abyssal Knight)     Turns: 2806, Time: 00:06:11

Health: 0/48       AC:  7    Str: 17    XL:     6   Next: 3%
Magic:  8/8        EV: 10    Int: 13    God:    Lugonu [**....]
Gold:   168        SH:  0    Dex: 10    Spells: 5/5 levels left

rFire    + . .     SeeInvis +   u - +1 war axe (holy)
rCold    . . .     Gourm    .   (no shield)
rNeg     . . .     Faith    .   i - +0 ring mail
rPois    .         Spirit   .   (helmet unavailable)
rElec    .         Reflect  .   (no cloak)
rCorr    .         Harm     .   k - +0 pair of gloves
MR       .....                  (no boots)
Stlth    ..........             (no amulet)
HPRegen  0.16/turn              g - ring of protection from fire
MPRegen  0.11/turn              (no ring)

@: lethally poisoned (0 -> -14)
A: permanent stasis, dig shafts and tunnels, four strong arms, antennae 3
a: Dig, Shaft Self, Depart the Abyss, Bend Space, Renounce Religion


You were on level 4 of the Dungeon.
You worshipped Lugonu.
Lugonu was pleased with you.
You were not hungry.

You visited 1 branch of the dungeon, and saw 4 of its levels.
You visited the Abyss 1 time.

You collected 168 gold pieces.

Inventory:

Hand Weapons
 e - a +0 dire flail
 u - a +1 war axe of holy wrath (weapon)
Missiles
 d - 45 arrows
 h - 5 boomerangs
 j - 101 stones (quivered)
 p - 48 poisoned darts
 r - 8 sling bullets
Armour
 b - a +0 leather armour
 i - a +0 ring mail (worn)
 k - a +0 pair of gloves (worn)
Jewellery
 g - a ring of protection from fire (left hand)
Scrolls
 f - a scroll of noise {unknown}
 m - 2 scrolls of enchant armour {unknown}
 o - 2 scrolls of identify {unknown}
 q - a scroll of magic mapping {unknown}
 s - 2 scrolls of amnesia {unknown}
 v - a scroll of remove curse {unknown}
 w - a scroll of teleportation {unknown}
 x - a scroll of enchant weapon {unknown}
Potions
 l - a potion of curing {unknown}
 n - a potion of degeneration {unknown}
 t - a potion of resistance {unknown}
Comestibles
 a - 2 chunks of flesh
 c - 5 rations


   Skills:
 + Level 4.1 Fighting
 + Level 2.6(3.0) Axes
 + Level 1.9(2.6) Maces & Flails
 * Level 4.1 Armour
 - Level 0.8 Dodging
 + Level 3.4 Invocations


You had 5 spell levels left.
You didn't know any spells.
Your spell library was empty.

Dungeon Overview and Level Annotations

Branches:
Dungeon (4/15)
 Temple: D:4-7

Altars:


Innate Abilities, Weirdness & Mutations

You cannot be hasted, slowed, berserked, paralysed or teleported.
You can dig through walls and to a lower floor.
Your four strong arms can wield two-handed weapons with a shield.
You have a pair of large antennae on your head. (SInv)


Message History

Lugonu accepts your kill.
You have reached level 6!
Your experience leads to an increase in your attributes!
Increase (S)trength, (I)ntelligence, or (D)exterity?
You feel stronger.
* * * LOW HITPOINT WARNING * * *
You feel sick.
A quokka comes into view.
* * * LOW HITPOINT WARNING * * *
You feel sick.
Found a shiny helmet.
You see here a worker ant corpse.
* * * LOW HITPOINT WARNING * * *
You feel sick.
* * * LOW HITPOINT WARNING * * *
You feel sick.
* * * LOW HITPOINT WARNING * * *
You feel sick.
There is a stone staircase leading up here.
You die...

.. ##... ...
#.!. [...
####..
....##.#..##
...........#
...>.......##
.......r....#
#†....#
##†.@##
#.....#
#........
#.........
#.....#..#..
...#..#.## #
$...#... #
###......


You could see a quokka.

Vanquished Creatures
  An orc wizard (D:2)
  2 worker ants (D:4)
  4 adders
  3 oozes
  2 dart slugs
  2 leopard geckos (D:2)
  4 orcs (D:2)
  6 bats
  5 giant cockroaches
  2 goblins
  5 hobgoblins
  2 quokkas (D:3)
  2 ball pythons (D:3)
  3 frilled lizards (D:1)
  5 kobolds
  21 rats
69 creatures vanquished.

Notes
Turn   | Place    | Note
-------+----------+-------------------------------------------
     0 | Abyss:1  | Descartes the Formicid Abyssal Knight began the quest for
                  | the Orb.
     0 | Abyss:1  | Reached XP level 1. HP: 18/18 MP: 2/2
    26 | Abyss:2  | Noticed a starcursed mass
    29 | Abyss:2  | Found a corrupted altar of Lugonu.
    51 | Abyss:2  | Noticed a large abomination
    54 | D:1      | Escaped the Abyss
   482 | D:1      | Reached XP level 2. HP: 23/24 MP: 3/3
   508 | D:1      | Reached * piety under Lugonu
   674 | D:1      | Reached XP level 3. HP: 29/29 MP: 4/4
   770 | D:1      | Reached skill level 1 in Maces & Flails
  1304 | D:2      | Reached XP level 4. HP: 32/37 MP: 6/6
  1580 | D:2      | HP: 1/37 [orc wizard/+0 dagger (3)]
  1581 | D:2      | Reached XP level 5. HP: 1/42 MP: 7/7
  1967 | D:3      | Reached ** piety under Lugonu
  2801 | D:4      | Reached XP level 6. HP: 9/48 MP: 8/8
  2804 | D:4      | HP: 2/48 [poisoned by a worker ant]
  2806 | D:4      | Succumbed to a worker ant's poison

Levels and vault maps discovered:
D:1:      matt_arrival_los_fun, layout_basic
D:2:      layout_basic
D:3:      layout_rooms, serial_curves, eino_curves_01, eino_curves_03,
          moated_statue, minmay_rat_hole
D:4:      layout_cave_pools, gammafunk_ghost_icy, due_unseen_surprise

Skill      XL: |  1  2  3  4  5 |
---------------+----------------+-----
Maces & Flails | 1 |  1.9
Armour         | 3 4 |  4.1
Invocations    | 3 |  3.4
Fighting       | 4 |  4.1
Axes           | |  2.6
Dodging        | |  0.8

Action                   |  1- 3 |  4- 6 || total
-------------------------+-------+-------++-------
Melee: Hand axe          |    53 |   120 ||   173
       War axe           |       |    24 ||    24
Invok: Depart the Abyss  |     1 |       ||     1
  Eat: Chunk             |     1 |     5 ||     6
Armor: Ring mail         |    18 |    75 ||    93
       Leather armour    |     2 |       ||     2
Dodge: Dodged            |    27 |   113 ||   140
